Map: Odyssey LE

Players

NickyHlodan - Winner!

  • Race: Terran Terran
  • League: Gold
  • Spawn Location: 5:00

Juxtapose

  • Race: Protoss Protoss
  • Spawn Location: 11:00

VOD

https://youtu.be/fNUbF5JydGs

Description

When the match started, I was worried my opponent would quick sixteen Marine drop me just like the last Gold level opponent I faced, and after a bit of scouting when I saw he hadn't expanded I was convinced of it.

So of course, I planned for that completely, delaying my own expansion, read my opponent completely wrong, and well...

What I should have done was a fast Oracle harass, and then push with Immortals and Stalkers, but hindsight.

I also shouldn't have forgotten my Mothership Core. Shameful on my part.

Still though, this was my twelfth public Multiplayer match, and I'm learning. My record is 6-6 so far, so that's not bad at all considering how green I am.

Time

  • Played on: May 13, 2017, 5:13 p.m.
  • Length: 9:50
Show
View Real Time Build Order
Export as new Build Order

NickyHlodan Terran - Winner!

Build Orders:  

Get SALT Encoding   

  12  0:01  SCV  
  13  0:13  SCV  
  14  0:25  SCV  
  14  0:27  Supply Depot  
  15  0:45  Supply Depot  
  15  0:49  SCV  
  16  0:51  Barracks  
  16  1:01  SCV  
  17  1:10  Refinery  
  17  1:11  Barracks  
  17  1:16  Refinery  
  17  1:19  SCV  
  18  1:31  SCV  
  19  1:44  SCV  
  20  1:55  Barracks Reactor  
  20  1:56  SCV  
  20  1:58  Barracks Tech Lab  
  21  2:08  Orbital Command  
  21  2:14  Factory  
  21  2:41  Factory  
  21  2:45  Marine  
  21  2:46  Marine  
  21  2:48  Marauder  
  25  2:58  Factory Tech Lab  
  25  3:03  Marine x2  
  27  3:09  Marauder  
  29  3:21  Marine x2  
  29  3:26  Factory Tech Lab  
  31  3:54  Supply Depot  
  31  4:00  Supply Depot  
  31  4:09  Supply Depot  
  31  4:15  Siege Tank, Marine x2  
  31  4:16  Marauder  
  38  4:22  Siege Tank  
  41  4:33  Marine x2  
  41  4:37  Marauder  
  45  4:47  Siege Tank  
  45  4:51  Marine x2  
  50  4:54  Siege Tank  
  50  4:58  Marauder  
  55  5:16  Supply Depot  
  55  5:24  Supply Depot  
  55  5:38  Siege Tank, Marine x3  
  61  5:56  Supply Depot, Marine x3  
  64  6:05  Supply Depot  
  64  6:13  Marine x3  
  67  6:31  Marine x3  
  70  6:48  Siege Tank  
  70  6:49  Marine x3  
  76  7:07  Marine x3  
  79  7:18  Siege Tank  
  79  7:20  Siege Tank  
  85  7:25  Marine x2  
  87  7:36  Supply Depot  
  87  7:37  Supply Depot x2  
  87  7:53  Marine  
  87  7:55  Marine  
  87  7:56  Marine  
  71  8:13  Marine  
Show
View Real Time Build Order
Export as new Build Order

Juxtapose Protoss 

Build Orders:  

Get SALT Encoding   

  12  0:01  Probe (Chrono Boost)  
  13  0:12  Probe (Chrono Boost)  
  14  0:18  Pylon  
  14  0:22  Probe (Chrono Boost)  
  15  0:37  Probe (Chrono Boost)  
  15  0:40  Gateway  
  16  0:47  Probe (Chrono Boost)  
  17  0:50  Assimilator  
  17  0:58  Probe (Chrono Boost)  
  18  1:10  Probe (Chrono Boost)  
  19  1:21  Probe (Chrono Boost)  
  19  1:22  Pylon  
  20  1:27  Assimilator  
  20  1:29  Cybernetics Core  
  20  1:31  Probe (Chrono Boost)  
  21  1:35  Zealot  
  23  1:42  Probe (Chrono Boost)  
  23  1:45  Gateway  
  24  1:52  Probe (Chrono Boost)  
  25  2:02  Adept  
  27  2:14  Warp Gate  
  27  2:30  Adept  
  27  2:33  Forge  
  29  2:48  Pylon  
  29  2:50  Robotics Facility  
  29  2:56  Twilight Council  
  29  2:59  Adept, Pylon  
  31  3:19  Photon Cannon  
  31  3:25  Photon Cannon  
  31  3:28  Adept  
  31  3:33  Stalker  
  35  3:52  Immortal  
  39  4:26  Immortal  
  43  4:37  Protoss Ground Weapons Level 1  
  43  4:38  Pylon  
  43  4:45  Stalker  
  45  5:02  Observer  
  45  5:03  Nexus  
  46  5:19  Warp Prism  
  46  5:25  Pylon  
  48  5:29  Pylon  
  48  5:49  Photon Cannon  
  48  5:54  Photon Cannon  
  48  6:10  Gateway  
  48  6:14  Immortal  
  52  6:31  Protoss Ground Armor Level 1  
  52  6:35  Stalker  
  54  6:42  Probe (Chrono Boost)  
  56  6:48  Probe (Chrono Boost)  
  56  6:52  Probe (Chrono Boost)  
  57  6:55  Pylon  
  57  7:00  Probe (Chrono Boost)  
  58  7:03  Probe (Chrono Boost)  
  58  7:18  Zealot x2  
  58  7:21  Charge  
  62  7:44  Zealot x2, Immortal  
  64  8:05  Zealot x2  
  33  8:22  Zealot  
Tags
 
League
Gold
Matchup
PvT
Spawn Locations
Cross Positions
Add a new tag
Caveats
  • Supply blocks, unpowered buildings, or Contaminate may cause inaccurate times.
  • Supply counts are checked every 10 seconds.